Map: Acid Plant LE

Players

RAIL

  • Race: Protoss Protoss
  • Spawn Location: 5:00

Cham - Winner!

  • Race: Zerg Zerg
  • Spawn Location: 11:00

Event: WCS Leipzig 2018

VOD

Have the link to the VOD?

Description

Time

  • Played on: Jan. 26, 2018, 7:14 a.m.
  • Length: 10:52

All games in this series

Show
View Real Time Build Order
Export as new Build Order

RAIL Protoss 

Build Orders: 1 Gate Expand, Oracle Opening, Phoenix Opening, Archon Immortal, Zealot Archon 

Get SALT Encoding   

  12  0:00  Probe  
  13  0:12  Probe  
  14  0:19  Pylon  
  14  0:25  Probe (Chrono Boost)  
  15  0:37  Probe (Chrono Boost)  
  15  0:38  Gateway  
  16  0:45  Probe (Chrono Boost)  
  16  0:47  Assimilator  
  17  0:51  Probe  
  18  1:04  Probe  
  19  1:24  Nexus  
  19  1:32  Cybernetics Core  
  19  1:34  Probe (Chrono Boost)  
  20  1:40  Assimilator  
  20  1:45  Probe (Chrono Boost)  
  21  1:50  Probe (Chrono Boost)  
  21  1:53  Pylon  
  22  2:00  Probe  
  23  2:11  Adept  
  23  2:13  Probe (Chrono Boost)  
  26  2:22  Probe (Chrono Boost)  
  27  2:24  Stargate  
  27  2:27  Probe (Chrono Boost)  
  28  2:30  Warp Gate  
  28  2:36  Probe  
  29  2:39  Probe  
  29  2:40  Adept  
  32  2:48  Probe (Chrono Boost)  
  34  2:57  Probe (Chrono Boost)  
  35  2:59  Probe (Chrono Boost)  
  35  3:01  Gateway  
  35  3:04  Probe x2 (Chrono Boost)  
  37  3:06  Oracle (Chrono Boost)  
  40  3:14  Probe  
  40  3:15  Probe  
  40  3:19  Pylon  
  42  3:26  Probe  
  43  3:29  Probe  
  43  3:31  Adept  
  44  3:35  Shield Battery, Phoenix (Chrono Boost)  
  44  3:39  Probe  
  47  3:44  Probe  
  47  3:45  Twilight Council  
  48  3:51  Probe  
  49  3:56  Probe  
  49  4:01  Gateway  
  50  4:06  Robotics Facility  
  50  4:09  Probe  
  51  4:12  Probe  
  52  4:17  Gateway  
  52  4:19  Gateway, Pylon  
  52  4:21  Assimilator  
  52  4:23  Pylon  
  52  4:27  Assimilator  
  52  4:28  Probe  
  52  4:30  Probe  
  54  4:34  Charge (Chrono Boost)  
  54  4:40  Probe  
  54  4:41  Gateway  
  54  4:43  Gateway  
  55  4:51  Immortal (Chrono Boost)  
  55  4:53  Forge  
  55  4:57  Probe  
  60  5:03  Zealot  
  60  5:04  Zealot  
  65  5:07  Probe  
  65  5:12  Zealot  
  67  5:20  Nexus  
  67  5:24  Pylon  
  68  5:28  Observer  
  68  5:30  Pylon  
  68  5:33  Protoss Ground Weapons Level 1  
  68  5:36  Probe x2  
  70  5:44  Sentry  
  70  5:46  Shield Battery  
  70  5:47  Sentry  
  70  5:48  Templar Archives, Zealot  
  70  5:49  Probe  
  77  5:58  Probe  
  77  6:02  Zealot x2  
  86  6:04  Immortal  
  86  6:09  Pylon  
  86  6:13  Pylon  
  86  6:23  Pylon  
  86  6:24  Photon Cannon  
  86  6:27  Probe  
  86  6:29  High Templar x2, Zealot  
  93  6:34  Probe  
  93  6:39  Archon  
  95  6:40  Probe (Chrono Boost)  
  95  6:43  Immortal (Chrono Boost)  
  95  6:45  Zealot x2  
  104  6:49  Probe (Chrono Boost)  
  104  6:52  Probe (Chrono Boost)  
  106  6:55  High Templar x2  
  106  6:58  Probe (Chrono Boost)  
  106  6:59  Zealot, Pylon, Archon  
  106  7:01  Probe (Chrono Boost)  
  114  7:02  Probe (Chrono Boost)  
  114  7:03  Zealot  
  114  7:04  Probe (Chrono Boost)  
  114  7:06  Probe  
  114  7:07  Pylon  
  118  7:11  Assimilator  
  118  7:14  Assimilator  
  118  7:15  Probe  
  119  7:17  Zealot  
  119  7:18  Zealot  
  123  7:23  Pylon  
  123  7:24  Pylon  
  123  7:25  High Templar x2  
  123  7:26  Zealot  
  123  7:29  Immortal (Chrono Boost)  
  129  7:32  Archon  
  129  7:33  Probe  
  129  7:35  Probe x2  
  136  7:38  Zealot  
  136  7:39  Zealot  
  140  7:48  Zealot x2  
  132  7:59  Zealot x5  
  132  8:00  Warp Prism  
  96  8:20  Protoss Ground Weapons Level 2 (Chrono Boost)  
  96  8:24  Sentry, Zealot x5  
  96  8:25  Zealot  
  110  8:33  Immortal (Chrono Boost)  
  108  8:38  Gateway x2  
  112  8:44  Zealot  
  112  8:47  High Templar x2  
  112  8:48  High Templar x2, Sentry, Zealot  
  122  8:52  Archon x2  
  126  8:56  Immortal, Pylon  
  126  8:57  Pylon  
  126  9:08  Zealot  
  120  9:21  Zealot x5  
  112  9:29  Zealot x2  
  91  9:35  Immortal  
  93  9:38  Zealot x2  
  93  9:42  Zealot x3  
  93  9:43  Zealot x2  
  95  9:50  High Templar  
  95  9:51  High Templar  
  97  9:55  Archon  
  97  9:59  High Templar x2  
  101  10:02  High Templar x2, Zealot x3  
  101  10:04  Archon  
  101  10:06  Archon  
  111  10:08  Robotics Facility  
  111  10:16  Zealot x2  
  111  10:17  Zealot  
  111  10:19  Zealot  
  123  10:23  Zealot, Pylon  
  125  10:30  High Templar x2  
  125  10:33  Zealot  
  125  10:34  Archon  
  131  10:41  Zealot  
  105  10:44  Zealot  
  105  10:45  Zealot x3  
Show
View Real Time Build Order
Export as new Build Order

Cham Zerg - Winner!

Build Orders: Hatch First 

Get SALT Encoding   

  12  0:01  Drone  
  13  0:08  Drone  
  14  0:17  Overlord  
  14  0:35  Drone  
  15  0:44  Hatchery  
  15  0:48  Drone  
  15  0:53  Drone  
  15  0:56  Drone  
  17  1:00  Drone  
  18  1:11  Extractor  
  17  1:15  Spawning Pool  
  17  1:18  Drone  
  17  1:22  Drone  
  18  1:33  Drone  
  19  1:46  Overlord  
  19  1:56  Drone  
  20  2:01  Queen  
  20  2:02  Queen  
  20  2:03  Zergling x2  
  20  2:04  Zergling x2  
  26  2:11  Drone  
  27  2:16  Metabolic Boost  
  27  2:22  Drone  
  28  2:24  Drone  
  28  2:27  Drone  
  30  2:33  Drone  
  31  2:42  Hatchery  
  30  2:48  Queen  
  30  2:51  Drone  
  33  2:52  Drone  
  33  2:56  Overlord  
  34  3:04  Drone  
  34  3:05  Overlord  
  35  3:06  Zergling x2  
  36  3:16  Zergling x4  
  36  3:17  Drone x3  
  36  3:18  Drone  
  42  3:28  Drone x3  
  42  3:31  Drone  
  42  3:33  Spore Crawler  
  42  3:34  Queen  
  45  3:39  Drone  
  48  3:43  Spore Crawler  
  48  3:46  Drone x3  
  48  3:47  Drone  
  51  3:52  Drone  
  51  3:54  Queen  
  52  3:56  Drone x2  
  52  4:01  Drone  
  55  4:05  Drone x2  
  57  4:11  Overlord  
  57  4:13  Overlord  
  57  4:14  Overlord  
  57  4:19  Overlord  
  57  4:27  Roach Warren  
  57  4:29  Overlord  
  56  4:32  Drone x2  
  56  4:33  Drone  
  60  4:38  Drone  
  60  4:40  Drone x2  
  60  4:41  Drone x5  
  67  4:45  Lair  
  67  4:47  Extractor  
  67  4:49  Extractor  
  67  4:50  Drone x4, Extractor  
  68  4:53  Drone  
  68  4:56  Drone x2  
  71  5:00  Drone x2  
  71  5:02  Overlord  
  73  5:12  Roach x3  
  79  5:17  Roach  
  79  5:18  Roach  
  83  5:21  Overlord x2  
  83  5:22  Spore Crawler  
  83  5:23  Roach x2  
  83  5:25  Roach  
  83  5:28  Roach  
  90  5:30  Overlord x3  
  90  5:34  Evolution Chamber  
  89  5:36  Drone  
  89  5:39  Overlord  
  89  5:41  Extractor  
  89  5:44  Roach x3  
  89  5:45  Glial Reconstitution  
  89  5:47  Drone  
  89  5:48  Drone x2  
  89  5:49  Roach  
  100  5:51  Drone  
  100  5:52  Drone  
  100  5:54  Roach  
  104  5:57  Roach  
  104  6:00  Zerg Missile Weapons Level 1  
  104  6:02  Drone x3  
  109  6:06  Drone x2  
  109  6:07  Baneling Nest, Extractor  
  109  6:09  Drone  
  109  6:11  Drone x2  
  112  6:15  Drone x2  
  114  6:28  Roach  
  114  6:29  Roach x3  
  114  6:30  Ravager x3, Hatchery  
  114  6:32  Roach x2  
  128  6:37  Ravager  
  128  6:38  Overlord x2  
  129  6:49  Zergling x2  
  129  6:50  Overlord  
  129  6:51  Centrifical Hooks, Overlord  
  129  6:52  Overlord  
  130  6:57  Overlord  
  130  6:59  Drone x7  
  137  7:01  Drone  
  137  7:03  Drone  
  139  7:14  Ravager x2, Hatchery  
  139  7:15  Zergling x6  
  143  7:19  Zergling x6  
  146  7:23  Ravager  
  146  7:25  Overlord x2  
  146  7:26  Zergling x8  
  146  7:28  Zergling x2  
  152  7:30  Zergling x4  
  152  7:33  Ravager  
  152  7:34  Zergling x2  
  156  7:40  Zergling x4  
  156  7:44  Zergling x4  
  160  7:46  Baneling x2  
  160  7:47  Baneling x6  
  160  7:50  Zergling x4  
  161  7:57  Roach x4, Zergling x2  
  161  7:58  Zergling x10  
  157  8:01  Zergling x2  
  143  8:06  Roach x2  
  143  8:08  Zergling x2  
  134  8:13  Zergling x2  
  134  8:14  Zergling x2  
  134  8:16  Zergling x4  
  134  8:18  Roach x2  
  136  8:23  Roach x3  
  137  8:30  Roach x2  
  137  8:32  Zergling x4, Queen  
  143  8:37  Roach x3  
  143  8:38  Ravager x6  
  143  8:39  Ravager, Zergling x2  
  143  8:40  Baneling  
  143  8:41  Baneling x14  
  157  8:42  Zergling x10  
  157  8:47  Zergling x4  
  164  8:49  Zergling x14  
  164  8:53  Zergling x2  
  164  8:54  Zergling x2  
  173  8:56  Baneling x4  
  173  8:58  Zergling x10  
  173  9:00  Baneling x2  
  175  9:04  Zergling x2  
  175  9:05  Zergling x2  
  175  9:09  Zergling x6  
  164  9:10  Zergling x2  
  154  9:17  Roach x3, Zergling x2  
  154  9:20  Zergling x2  
  154  9:21  Zergling x2  
  154  9:22  Baneling  
  154  9:23  Baneling x3  
  155  9:30  Zergling x20  
  149  9:31  Zergling x2  
  149  9:35  Zergling x2  
  146  9:41  Zergling x6  
  146  9:42  Zergling x2  
  141  9:46  Roach  
  141  9:47  Roach x2  
  141  9:49  Roach x2  
  145  9:53  Roach  
  145  9:55  Roach x2  
  145  9:58  Zergling x4  
  153  10:02  Ravager x4  
  153  10:03  Baneling x4  
  153  10:04  Baneling x10, Zergling x2  
  153  10:05  Zergling x2  
  159  10:07  Zergling x2  
  159  10:11  Zergling x4  
  162  10:16  Baneling x6, Zergling x2  
  162  10:17  Zergling x4  
  165  10:22  Zergling x2  
  165  10:23  Zergling x22  
  165  10:26  Ravager  
  165  10:27  Baneling x10  
  165  10:28  Zergling x10  
  179  10:29  Zergling x4  
  179  10:32  Zergling x4  
Tags
 
Add a new tag
Caveats
  • Supply blocks, unpowered buildings, or Contaminate may cause inaccurate times.
  • Supply counts are checked every 10 seconds.